 Dungeon Crawl Stone Soup version 0.29.1-15-g9cfb28693d (webtiles) character file.

Game seed: 2426085145855858448

357 croobank the Chiller (level 6, -3/44 HPs)
             Began as a Gnoll Ice Elementalist on Apr 26, 2023.
             Was a Priest of Cheibriados.
             Killed by divine providence
             ... invoked by an orc priest
              (15 damage)
             ... on level 4 of the Dungeon.
             The game lasted 00:11:00 (4208 turns).

croobank the Chiller (Gnoll Ice Elementalist)       Turns: 4208, Time: 00:11:01

Health: -3/44      AC:  4    Str: 13    XL:     6   Next: 64%
Magic:  14/14      EV: 14    Int: 23    God:    Cheibriados [***...]
Gold:   221        SH:  0    Dex: 18    Spells: 4/15 levels left

rFire   . . .      SeeInvis .   b - +2 hand crossbow (flame)
rCold   . . .      Faith    .   (no shield)
rNeg    + . .      Spirit   .   h - +0 leather armour
rPois   .          Reflect  .   (no helmet)
rElec   .          Harm     .   (no cloak)
rCorr   .          Rampage  .   o - +0 pair of gloves
Will    .....                   (no boots)
Stlth   +++.......              (no amulet)
HPRegen 0.14/turn               g - ring of positive energy
MPRegen 0.14/turn               (no ring)

@: very slow
A: fangs 1, strong nose, distributed training
a: Renounce Religion, Bend Time, Temporal Distortion


You were on level 4 of the Dungeon.
You worshipped Cheibriados.
Cheibriados was most pleased with you.
You visited 1 branch of the dungeon, and saw 4 of its levels.

You collected 221 gold pieces.

Inventory:

Hand Weapons
 a - a +2 whip of electrocution
 b - a +2 hand crossbow of flaming (weapon)
 d - a +0 short sword
 k - a +0 dagger
 p - a +0 hand axe
 r - a +0 trident
 y - a +0 quarterstaff
Missiles
 f - 2 boomerangs
 m - 7 poisoned darts
Armour
 h - a +0 leather armour (worn)
 n - a +0 ring mail
 o - a +0 pair of gloves (worn)
Jewellery
 g - a ring of positive energy (left hand)
 i - a ring of positive energy
 v - a +4 ring of protection
Scrolls
 c - a scroll of immolation
 l - a scroll of teleportation {unknown}
 s - 3 scrolls of identify
 u - a scroll of blinking {unknown}
 x - a scroll of enchant armour {unknown}
Potions
 e - a potion of ambrosia
 j - 3 potions of flight
 q - a potion of heal wounds {unknown}
 t - a potion of attraction {unknown}
 w - a potion of degeneration {unknown}
 z - a potion of brilliance {unknown}


   Skills:
 + Level 2.1 Fighting
 + Level 2.1 Short Blades
 + Level 2.1 Long Blades
 + Level 2.1 Axes
 + Level 2.1 Maces & Flails
 + Level 2.1 Polearms
 + Level 2.1 Staves
 + Level 2.1 Ranged Weapons
 + Level 2.1 Throwing
 + Level 2.1 Armour
 + Level 5.0 Dodging
 + Level 4.7 Stealth
 + Level 2.1 Shields
 + Level 2.1 Unarmed Combat
 + Level 5.4 Spellcasting
 + Level 1.7 Conjurations
 + Level 1.7 Hexes
 + Level 1.7 Summonings
 + Level 1.7 Necromancy
 + Level 1.7 Translocations
 + Level 1.7 Transmutations
 + Level 1.7 Fire Magic
 + Level 7.3 Ice Magic
 + Level 1.7 Air Magic
 + Level 1.7 Earth Magic
 + Level 1.7 Poison Magic
 + Level 2.3 Invocations
 + Level 2.1 Evocations


You had 4 spell levels left.
You knew the following spells:

 Your Spells              Type           Power      Damage    Failure   Level
a - Freeze                Ice            100%       1d11      1%          1
b - Frozen Ramparts       Ice            80%        1d13      1%          3
c - Ozocubu's Armour      Ice            40%        N/A       1%          3
d - Hailstorm             Conj/Ice       27%        3d7       19%         4

Your spell library contained the following spells:

 Spells                   Type           Power      Damage    Failure   Level
 Magic Dart               Conj           56%        1d5       5%          1
 Searing Ray              Conj           28%        2d5       9%          2
 Fulminant Prism          Conj/Hex       7%         3d7       50%         4


Dungeon Overview and Level Annotations

Branches:
Dungeon (4/15)
 Temple: D:4-7

Altars:
Cheibriados
Nemelex Xobeh


Innate Abilities, Weirdness & Mutations

You have very sharp teeth.
Your uncanny sense of smell can sniff out nearby items.
Your experience applies equally to all skills.


Message History

Your Ranged Weapons skill increases to level 2!
Your Throwing skill increases to level 2!
Your Armour skill increases to level 2!
Your Dodging skill increases to level 5!
Your Shields skill increases to level 2!
Your Unarmed Combat skill increases to level 2!
Your Evocations skill increases to level 2!
A centaur comes into view.
You shoot a bolt. The bolt hits the centaur!
The bolt burns the centaur.
The centaur shouts!
The centaur is heavily wounded.
You hear a shout!
The centaur wields a +0 shortbow.
The centaur shoots an arrow.
The arrow closely misses you.
An adder comes into view.
The centaur shoots an arrow.
The arrow hits you!
An orc priest comes into view. It is wielding a +0 club.
You hear a shout!
You shoot a bolt. The orc priest shouts!
The bolt hits the centaur!!
The bolt burns the centaur.
You kill the centaur!
Cheibriados thoroughly appreciates the change of pace.
The orc priest calls down the wrath of Beogh upon you.
Beogh smites you!
You hear a shout!
You shoot a bolt. The bolt hits the adder!
The bolt burns the adder.
You kill the adder!
Cheibriados thoroughly appreciates the change of pace.
You can now warp the flow of time around you.
You shoot a bolt. The bolt hits the orc priest!
The bolt burns the orc priest.
The orc priest is almost dead.
The orc priest mumbles some strange prayers to Beogh against you.
Beogh smites you!
* * * LOW HITPOINT WARNING * * *
A goblin comes into view. It is wielding a +0 dagger.
An orc comes into view. It is wielding a +0 short sword.
The orc priest calls down the wrath of Beogh upon you.
Beogh smites you!
You die... #.# #og

#.# #.) #.#
###†. #.#
###...o##.#
#.......#.#
#.......#.#
........#.#####
#@#.....#
#.....#.#
#####.#.# #.#
#.#.#
##.#######.#.#
..).....##.#.#
#.####.##.#.#
#.#.......#.#
#.#.#####.#.#


You could see an orc priest, an orc and a goblin.

Vanquished Creatures
  A centaur (D:4)
  A scorpion (D:4)
  A hound (D:4)
  2 orc priests
  4 adders
  An ufetubus (D:4)
  2 worms
  9 orcs
  3 endoplasms
  4 giant cockroaches
  7 goblins
  4 hobgoblins
  8 jackals (D:1)
  3 quokkas
  7 ball pythons
  3 bats
  7 frilled lizards
  8 kobolds
  A rat (D:1)
76 creatures vanquished.

Notes
Turn   | Place    | Note
-------+----------+-------------------------------------------
     0 | D:1      | croobank the Gnoll Ice Elementalist began the quest for the
                  | Orb.
     0 | D:1      | Reached XP level 1. HP: 13/13 MP: 6/6
     1 | D:1      | Noticed an electric eel
   313 | D:1      | Reached XP level 2. HP: 19/19 MP: 5/7
   364 | D:1      | Reached skill level 5 in Spellcasting
   364 | D:1      | Reached XP level 3. HP: 14/25 MP: 0/9
   368 | D:1      | Learned a level 3 spell: Frozen Ramparts
   972 | D:1      | Reached skill level 1 in Invocations
  1558 | D:2      | Found a faded altar of an unknown god.
  1561 | D:2      | Prayed at the altar of an unknown god.
  1561 | D:2      | Became a worshipper of Cheibriados the Contemplative
  1561 | D:2      | Reached * piety under Cheibriados
  2009 | D:2      | Identified a scroll of acquirement
  2009 | D:2      | Acquired a +2 hand crossbow of flaming
  2031 | D:2      | Reached skill level 1 in Fighting
  2031 | D:2      | Reached skill level 1 in Short Blades
  2031 | D:2      | Reached skill level 1 in Long Blades
  2031 | D:2      | Reached skill level 1 in Axes
  2031 | D:2      | Reached skill level 1 in Maces & Flails
  2031 | D:2      | Reached skill level 1 in Polearms
  2031 | D:2      | Reached skill level 1 in Staves
  2031 | D:2      | Reached skill level 1 in Ranged Weapons
  2031 | D:2      | Reached skill level 1 in Throwing
  2031 | D:2      | Reached skill level 1 in Armour
  2031 | D:2      | Reached skill level 1 in Shields
  2031 | D:2      | Reached skill level 1 in Unarmed Combat
  2031 | D:2      | Reached skill level 1 in Evocations
  2319 | D:2      | Reached XP level 4. HP: 32/32 MP: 7/11
  2791 | D:3      | Learned a level 3 spell: Ozocubu's Armour
  2796 | D:3      | Reached ** piety under Cheibriados
  2801 | D:3      | Reached skill level 1 in Conjurations
  2801 | D:3      | Reached skill level 1 in Hexes
  2801 | D:3      | Reached skill level 1 in Summonings
  2801 | D:3      | Reached skill level 1 in Necromancy
  2801 | D:3      | Reached skill level 1 in Translocations
  2801 | D:3      | Reached skill level 1 in Transmutations
  2801 | D:3      | Reached skill level 1 in Fire Magic
  2801 | D:3      | Reached skill level 1 in Air Magic
  2801 | D:3      | Reached skill level 1 in Earth Magic
  2801 | D:3      | Reached skill level 1 in Poison Magic
  3205 | D:3      | Reached XP level 5. HP: 37/37 MP: 8/12
  3590 | D:3      | Found a sparkling altar of Nemelex Xobeh.
  4041 | D:4      | Reached XP level 6. HP: 44/44 MP: 7/14
  4047 | D:4      | Learned a level 4 spell: Hailstorm
  4204 | D:4      | Reached skill level 5 in Dodging
  4207 | D:4      | Reached *** piety under Cheibriados
  4208 | D:4      | Killed from afar by an orc priest

Illustrated notes

Levels and vault maps discovered:
D:1:      arrival_aquarium_a, layout_basic, minmay_vboxes
D:2:      layout_loops_ring, nicolae_ecumenical_pavilion, minmay_tromino_i2
D:3:      cheibrodos_pilgrimage, layout_basic, nicolae_overflow_crystal_walls
D:4:      layout_loops_ring, serial_shops, nicolae_stop_n_shop_2,
          nicolae_shop_gadgets, uniq_grinder

Skill      XL: |  1  2  3  4  5  6 |
---------------+-------------------+-----
Spellcasting   | 5 |  5.4
Invocations    | 1 2 |  2.3
Fighting       | 1 2 |  2.1
Short Blades   | 1 2 |  2.1
Long Blades    | 1 2 |  2.1
Axes           | 1 2 |  2.1
Maces & Flails | 1 2 |  2.1
Polearms       | 1 2 |  2.1
Staves         | 1 2 |  2.1
Ranged Weapons | 1 2 |  2.1
Throwing       | 1 2 |  2.1
Armour         | 1 2 |  2.1
Shields        | 1 2 |  2.1
Unarmed Combat | 1 2 |  2.1
Evocations     | 1 2 |  2.1
Conjurations   | 1 |  1.7
Hexes          | 1 |  1.7
Summonings     | 1 |  1.7
Necromancy     | 1 |  1.7
Translocations | 1 |  1.7
Transmutations | 1 |  1.7
Fire Magic     | 1 |  1.7
Air Magic      | 1 |  1.7
Earth Magic    | 1 |  1.7
Poison Magic   | 1 |  1.7
Dodging        | 5 |  5.0
Stealth        | |  4.7
Ice Magic      | |  7.3

Action                   |  1- 3 |  4- 6 || total
-------------------------+-------+-------++-------
Melee: Short sword       |     3 |       ||     3
       Unarmed           |     1 |       ||     1
       Whip              |    12 |     4 ||    16
       Bite              |     1 |     1 ||     2
 Fire: Sling             |    21 |       ||    21
       Hand crossbow     |    10 |    45 ||    55
 Cast: Freeze            |    28 |       ||    28
       Frozen Ramparts   |    12 |    13 ||    25
       Ozocubu's Armour  |       |     5 ||     5
  Use: Potion            |     1 |       ||     1
       Scroll            |     9 |       ||     9
 Stab: Sleeping          |     1 |       ||     1
Armor: Robe              |     8 |     8 ||    16
       Leather armour    |       |     6 ||     6
Dodge: Dodged            |    25 |    20 ||    45
